Map: Tourmaline LE

Players

Groovy - Winner!

  • Race: Protoss Protoss
  • Spawn Location: 1:00

RedNmBrThree

  • Race: Terran Terran
  • League: Master
  • Spawn Location: 7:00

VOD

Have the link to the VOD?

Description

Time

  • Played on: Jan. 12, 2026, 8:06 p.m.
  • Length: 11:05
Show
View Real Time Build Order
Export as new Build Order

Groovy Protoss - Winner!

Build Orders: 1 Gate Expand, Double Forge, Blink Stalkers 

Get SALT Encoding   

  12  0:01  Probe  
  13  0:13  Probe  
  14  0:18  Pylon  
  14  0:25  Probe  
  15  0:33  Probe  
  15  0:40  Gateway  
  15  0:41  Probe  
  16  0:49  Assimilator  
  17  0:54  Probe  
  18  1:06  Pylon  
  18  1:08  Probe  
  19  1:24  Nexus  
  19  1:38  Probe, Cybernetics Core  
  20  1:52  Assimilator, Pylon  
  19  1:56  Pylon  
  19  1:57  Probe  
  20  2:03  Stalker  
  20  2:09  Probe  
  23  2:15  Warp Gate  
  23  2:21  Probe  
  24  2:32  Probe  
  24  2:33  Twilight Council  
  24  2:35  Probe  
  25  2:40  Probe  
  25  2:43  Probe  
  27  2:48  Probe, Stalker  
  28  2:52  Probe  
  32  3:00  Probe  
  32  3:04  Probe  
  34  3:10  Blink  
  34  3:13  Probe  
  34  3:19  Probe  
  36  3:25  Probe  
  37  3:31  Probe  
  38  3:35  Nexus  
  38  3:38  Probe  
  39  3:43  Probe  
  39  3:47  Gateway  
  40  3:52  Gateway  
  40  3:56  Pylon  
  40  3:57  Probe  
  40  4:00  Probe  
  42  4:04  Stalker  
  45  4:10  Probe, Shield Battery  
  45  4:13  Probe  
  45  4:22  Probe  
  46  4:25  Probe  
  46  4:27  Forge  
  46  4:29  Forge  
  47  4:32  Stalker  
  47  4:34  Probe  
  47  4:37  Probe  
  51  4:42  Stalker  
  51  4:43  Probe x2  
  51  4:45  Pylon  
  53  4:49  Protoss Ground Weapons Level 1, Probe  
  53  4:51  Probe x2, Protoss Ground Armor Level 1  
  56  4:53  Stalker  
  56  4:55  Sentry  
  62  5:00  Probe  
  62  5:01  Probe x2  
  62  5:06  Stalker  
  67  5:12  Probe  
  67  5:13  Probe x2  
  70  5:20  Charge  
  70  5:24  Probe  
  70  5:25  Pylon, Probe  
  72  5:37  Nexus  
  72  5:38  Probe, Pylon  
  72  5:41  Gateway  
  73  5:44  Stalker x2  
  77  5:53  Probe  
  77  5:56  Probe  
  75  5:58  Probe  
  76  6:05  Probe  
  76  6:08  Probe  
  76  6:10  Probe  
  79  6:17  Probe, Gateway  
  80  6:19  Gateway  
  80  6:20  Probe, Gateway  
  80  6:22  Pylon, Probe  
  82  6:29  Probe, Protoss Ground Armor Level 2  
  82  6:30  Zealot x3  
  82  6:32  Probe  
  90  6:34  Pylon, Probe  
  90  6:36  Pylon, Protoss Ground Weapons Level 2, Photon Cannon  
  91  6:40  Photon Cannon  
  91  6:41  Probe  
  91  6:44  Probe  
  91  6:47  Probe  
  94  6:52  Zealot x4  
  94  6:53  Probe  
  103  6:58  Probe  
  103  6:59  Probe  
  103  7:00  Probe  
  107  7:08  Probe  
  107  7:13  Zealot x5  
  107  7:14  Zealot  
  119  7:16  Probe  
  120  7:26  Probe  
  120  7:27  Zealot  
  123  7:35  Zealot x4  
  131  7:39  Pylon x2, Gateway  
  131  7:41  Gateway  
  131  7:42  Pylon  
  131  7:43  Pylon  
  128  7:52  Zealot  
  128  7:53  Zealot x2  
  128  7:56  Probe x4  
  110  8:05  Stalker  
  110  8:06  Stalker x3  
  110  8:08  Probe x3  
  110  8:10  Probe  
  122  8:20  Probe  
  122  8:22  Stalker x3  
  122  8:24  Probe x2  
  131  8:27  Probe  
  132  8:36  Probe x2  
  132  8:37  Probe  
  135  8:44  Zealot  
  135  8:45  Zealot x7, Nexus  
  135  8:46  Zealot  
  135  8:47  Pylon  
  153  8:49  Pylon  
  153  8:54  Assimilator  
  153  8:57  Templar Archives  
  153  9:01  Nexus  
  137  9:04  Probe  
  137  9:06  Probe  
  137  9:07  Probe  
  134  9:12  Probe  
  134  9:15  Stalker x2  
  134  9:16  Zealot x7  
  153  9:21  Probe  
  153  9:24  Probe  
  153  9:29  Probe  
  153  9:30  Probe  
  148  9:36  Zealot x3  
  148  9:37  Stalker x2  
  158  9:40  Probe  
  158  9:41  Assimilator  
  158  9:44  Probe  
  160  9:47  Probe  
  160  9:49  Probe  
  160  9:52  Pylon  
  162  9:54  Pylon  
  162  10:03  Zealot x3  
  160  10:14  Probe  
  160  10:21  Probe x2  
  162  10:24  Photon Cannon  
  162  10:27  Photon Cannon  
  163  10:28  Photon Cannon  
  163  10:30  Shield Battery  
  163  10:31  Shield Battery  
  163  10:32  Shield Battery, Zealot x3  
  163  10:33  Zealot x5  
  163  10:34  Gateway  
  176  10:37  Stalker  
  178  10:49  Nexus  
  174  10:53  Shield Battery  
  174  10:54  Shield Battery, Photon Cannon  
  174  10:56  Photon Cannon  
  150  10:57  Photon Cannon  
  150  10:58  Photon Cannon  
Show
View Real Time Build Order
Export as new Build Order

RedNmBrThree Terran 

Build Orders:  

Get SALT Encoding   

  12  0:00  SCV  
  13  0:14  SCV  
  13  0:17  Supply Depot  
  14  0:26  SCV  
  15  0:39  SCV  
  15  0:40  Barracks  
  16  0:45  Refinery  
  16  0:51  SCV  
  17  1:03  SCV  
  18  1:15  SCV  
  20  1:33  Reaper  
  20  1:34  Orbital Command  
  20  2:00  Command Center  
  20  2:08  Supply Depot  
  20  2:11  SCV  
  21  2:23  SCV, Marine  
  21  2:27  Factory  
  23  2:34  Refinery  
  23  2:35  SCV  
  24  2:43  Bunker  
  24  2:44  Marine  
  24  2:47  SCV  
  26  2:59  SCV  
  26  3:11  SCV  
  26  3:16  Barracks Reactor  
  26  3:23  SCV  
  26  3:25  Starport  
  27  3:32  Widow Mine  
  29  3:35  SCV  
  29  3:41  Supply Depot  
  30  3:46  Orbital Command  
  30  3:47  SCV  
  31  3:54  Widow Mine  
  33  3:58  Marine x2  
  33  3:59  SCV  
  36  4:12  SCV  
  37  4:17  SCV  
  37  4:18  Medivac, Marine x2  
  37  4:22  Factory Tech Lab  
  37  4:24  SCV  
  42  4:29  SCV  
  42  4:30  Supply Depot, Engineering Bay  
  43  4:37  Refinery  
  43  4:39  Marine x2  
  43  4:40  SCV  
  46  4:50  Barracks  
  46  4:52  Barracks, Starport Tech Lab  
  46  4:56  SCV  
  46  4:57  Factory Reactor  
  46  4:58  SCV  
  48  5:00  Terran Infantry Weapons Level 1  
  48  5:01  Supply Depot  
  48  5:03  Supply Depot  
  48  5:06  Marine x2  
  50  5:08  SCV  
  50  5:10  SCV  
  52  5:19  Starport Reactor  
  52  5:21  SCV  
  51  5:22  SCV  
  51  5:26  Marine x2  
  54  5:29  Supply Depot  
  54  5:30  Supply Depot  
  54  5:33  SCV  
  54  5:34  SCV  
  55  5:45  SCV  
  55  5:46  SCV  
  55  5:57  SCV  
  55  5:59  SCV  
  55  6:00  Stimpack  
  55  6:02  Combat Shield  
  55  6:03  Marauder x2, Marine x2  
  63  6:06  Supply Depot  
  63  6:07  Supply Depot, Medivac  
  63  6:09  SCV  
  66  6:12  SCV  
  66  6:14  Widow Mine, Refinery  
  66  6:15  Widow Mine  
  71  6:21  Marine, SCV  
  71  6:23  Marine  
  71  6:24  Marauder  
  77  6:27  Marauder  
  78  6:33  Supply Depot  
  78  6:35  Supply Depot  
  78  6:39  Marine  
  79  6:41  Widow Mine x2  
  79  6:42  Medivac x2  
  87  6:49  Marine  
  87  6:50  Marauder x2  
  92  6:55  Supply Depot  
  92  6:56  Supply Depot  
  92  7:05  Marine  
  92  7:07  Marine  
  93  7:11  Marauder x2  
  93  7:30  Marine x2  
  93  7:32  Marauder x2  
  97  7:39  Widow Mine x2  
  97  7:41  Command Center  
  95  7:54  Marauder x2  
  95  7:56  Marine  
  95  7:57  Marine  
  83  8:10  Widow Mine x2  
  83  8:11  Barracks x2  
  83  8:12  Terran Infantry Armor Level 1  
  87  8:15  Marauder x2  
  87  8:16  Engineering Bay  
  87  8:17  Armory  
  87  8:18  Marine x2  
  93  8:25  Medivac x2  
  93  8:26  SCV  
  98  8:35  Widow Mine x2  
  98  8:36  Concussive Shells, Marauder  
  98  8:40  SCV x2  
  106  8:46  Supply Depot  
  106  8:49  Ghost Academy, Marine x2  
  106  8:51  Marauder  
  106  8:52  SCV x2  
  95  9:03  Marauder  
  95  9:04  SCV  
  83  9:12  Marauder  
  83  9:15  Marine x2  
  83  9:16  Marine x2  
  87  9:24  Widow Mine x2, Marauder  
  89  9:33  Marine x3  
  89  9:34  Marine, Marauder  
  94  9:45  Widow Mine, Marine, Liberator  
  96  9:46  Liberator  
  96  9:51  Marine x4  
  107  9:55  Marine  
  108  10:03  Marine  
  101  10:09  Marine x4  
  101  10:20  Orbital Command  
  99  10:23  Marauder x2  
  99  10:24  Widow Mine x2  
  107  10:31  Starport  
Tags
 
Add a new tag
Caveats
  • Supply blocks, unpowered buildings, or Contaminate may cause inaccurate times.
  • Supply counts are checked every 10 seconds.